 Dungeon Crawl Stone Soup version 0.29.0-4-gdea44cf6ec (webtiles) character file.

Game seed: 10472069466508800809

20 qw the Chopper (level 2, 0/17 HPs)
             Began as a Tengu Warper on Aug 28, 2022.
             Succumbed to their own poison gas
             ... on level 1 of the Dungeon.
             The game lasted 00:00:04 (1042 turns).

qw the Chopper (Tengu Warper)                       Turns: 1042, Time: 00:00:04

Health: 0/17       AC:  3    Str: 11    XL:     2   Next: 79%
Magic:  6/6        EV: 11    Int: 13    God:
Gold:   60         SH:  0    Dex: 13    Spells: 5/5 levels left

rFire   . . .      SeeInvis .   Y - +0 hand axe
rCold   . . .      Faith    .   (no shield)
rNeg    . . .      Spirit   .   b - +0 leather armour
rPois   .          Reflect  .   (helmet restricted)
rElec   .          Harm     .   (no cloak)
rCorr   .          Rampage  .   (no gloves)
Will    .....                   (boots unavailable)
Stlth   +.........              (no amulet)
HPRegen 0.05/turn               (no ring)
MPRegen 0.10/turn               (no ring)

@: lethally poisoned (0 -> -6), weak-willed
A: beak, talons 3
a: no special abilities


You were on level 1 of the Dungeon.
You visited 1 branch of the dungeon, and saw 1 of its levels.

You collected 60 gold pieces.


Innate Abilities, Weirdness & Mutations

You have a beak for a mouth.
You have claws for feet.


   Skills:
 - Level 2.0 Fighting
 + Level 3.6 Axes
 - Level 1.0 Throwing
 - Level 1.1 Armour
 - Level 2.1 Dodging
 - Level 2.0 Spellcasting
 - Level 2.4 Translocations


You had 5 spell levels left.
You didn't know any spells.
Your spell library contained the following spells:

 Spells                   Type           Power      Damage    Failure   Level
 Blink                    Tloc           14%        N/A       19%         2
 Gell's Gravitas          Tloc           7%         N/A       36%         3
 Lesser Beckoning         Tloc           7%         N/A       36%         3
 Teleport Other           Tloc           7%         N/A       36%         3
 Manifold Assault         Tloc           7%         N/A       98%         5

Inventory:

Hand Weapons
 j - a +0 club
 Y - a +0 hand axe (weapon)
Armour
 b - a +0 leather armour (worn)
Potions
 g - a potion of magic {unknown}
 h - a potion of curing {unknown}

Dungeon Overview and Level Annotations

Branches:
Dungeon (1/15)

Altars:


Message History

1032 ||| READING scroll labelled OVUEMUI ZUCH.
As you read the scroll labelled OVUEMUI ZUCH, it crumbles to dust.
Magic quickly surges around you.
It was a scroll of vulnerability.
Done exploring.
1033 ||| READING 2 scrolls labelled LEIGEFF UHYPY.
The air fills with toxic fumes!
As you read the scroll labelled LEIGEFF UHYPY, it crumbles to dust.
It was a scroll of poison.
Done exploring.
1034 ||| READING scroll labelled PIVORE PIEVYUZOEPS.
As you read the scroll labelled PIVORE PIEVYUZOEPS, it crumbles to dust.
It is a scroll of identify.
Really abort (and waste the scroll)?
Done exploring.
1035 ||| DROPPING scroll of blinking.
You drop a scroll of blinking.
Done exploring.
1036 ||| DROPPING scroll of poison.
You drop a scroll of poison.
Done exploring.
(D) Dungeon
Where to? (* - list waypoints, ? - help)
What level of the Dungeon? (default 1, ? - help) Sorry, I don't know how to get there.
Done exploring.
1037 ||| Stepping randomly (stuck).
Really walk into that cloud of poison gas?
You are engulfed in poison gas.
You are lethally poisoned!
You feel very sick.
1038 ||| Stepping ~*~*~tactically~*~*~ (cloud).
You feel very sick.
Things that are here:
a scroll of poison; a scroll of blinking
There is a lethal amount of poison in your body!
You feel very sick.
There is a lethal amount of poison in your body!
You feel sick.
There is a lethal amount of poison in your body!
You feel sick.
There is a lethal amount of poison in your body!
You die...

#.......###.#######.###.
#.......###>..........#.
#¤000¤000...####......%.
#¤0¤¤¤¤¤¤...# #........
#0¤¤00¤¤0...# #.....}..
#¤0¤00¤¤###.# #........
#0¤0¤0¤0# #.# #.......#
#0¤0000¤# #.# #.......#
#0¤¤¤¤¤@# #.# #......##
#0¤¤00¤0# #.# #.....'##
#¤000¤¤¤# #.# #.....#..
######### #.# #....####
###'#######.# #.
#.........#.###.
#.........#.'.#.
#.........#.#.#.
###.........#.#...


There were no monsters in sight!

Vanquished Creatures
  4 endoplasms (D:1)
  A giant cockroach (D:1)
  A goblin (D:1)
  3 hobgoblins (D:1)
  A quokka (D:1)
  5 bats (D:1)
  A kobold (D:1)
  A rat (D:1)
17 creatures vanquished.

Notes
Turn   | Place    | Note
-------+----------+-------------------------------------------
     0 | D:1      | qw the Tengu Warper began the quest for the Orb.
     0 | D:1      | Reached XP level 1. HP: 12/12 MP: 4/4
     0 | D:1      | 0 ||| qw: Version: 0.1-a-89-g26bdef1
     0 | D:1      | 0 ||| qw: Game counter: 3154
     0 | D:1      | 0 ||| qw: Always use a shield: true
     0 | D:1      | 0 ||| qw: God list: Okawaru
     0 | D:1      | 0 ||| qw: Allow faded altars: false
     0 | D:1      | 0 ||| qw: Do Orc after D:15 true
     0 | D:1      | 0 ||| qw: Do second Lair branch before Depths: true
     0 | D:1      | 0 ||| qw: Lair rune preference: random
     0 | D:1      | 0 ||| qw: Plans: Normal
     0 | D:1      | 0 ||| PLANNING D:1-11
   145 | D:1      | Reached XP level 2. HP: 17/17 MP: 6/6
   153 | D:1      | Reached skill level 3 in Axes
  1028 | D:1      | 1028 ||| READING scroll labelled XEAXOBB QEIMOT.
  1031 | D:1      | 1031 ||| READING scroll labelled SECUIJ SACA.
  1032 | D:1      | 1032 ||| READING scroll labelled OVUEMUI ZUCH.
  1033 | D:1      | 1033 ||| READING 2 scrolls labelled LEIGEFF UHYPY.
  1034 | D:1      | 1034 ||| READING scroll labelled PIVORE PIEVYUZOEPS.
  1035 | D:1      | 1035 ||| DROPPING scroll of blinking.
  1036 | D:1      | 1036 ||| DROPPING scroll of poison.
  1037 | D:1      | 1037 ||| Stepping randomly (stuck).
  1038 | D:1      | 1038 ||| Stepping ~*~*~tactically~*~*~ (cloud).
  1040 | D:1      | HP: 3/17 [poisoned by you (poison gas)]
  1041 | D:1      | HP: 1/17 [poisoned by you (poison gas)]
  1042 | D:1      | Succumbed to their own poison gas

Levels and vault maps discovered:
D:1:      nicolae_arrival_somewhat_less_tricky_arrival, layout_basic

Skill      XL: |  1  2 |
---------------+-------+-----
Axes           | 3 |  3.6
Fighting       | |  2.0
Throwing       | |  1.0
Armour         | |  1.1
Dodging        | |  2.1
Spellcasting   | |  2.0
Translocations | |  2.4

Action                   || total
-------------------------++-------
Melee: Hand axe          ||    33
       Peck              ||     4
       Kick              ||    10
Throw: Boomerang         ||     7
  Use: Scroll            ||     5
Armor: Leather armour    ||     9
Dodge: Dodged            ||    19

Table legend:
 A = Non-vault XP
 B = Vault XP
 C = Vault XP percentage of total XP
 D = Non-vault monster count
 E = Vault monster count
 F = Vault count percentage of total count
                 A         B        C        D         E       F
            +---------+---------+-------+---------+---------+-------
      Total |      29 |       0 |   0.0 |      17 |       0 |   0.0
            +---------+---------+-------+---------+---------+-------
        D:1 |      29 |       0 |   0.0 |      17 |       0 |   0.0
            +---------+---------+-------+---------+---------+-------
